 Dungeon Crawl Stone Soup version 0.22.1-1-ga44c0e5 (webtiles) character file.

41 slowcore the Sneak (level 3, 0/16 HPs)
             Began as a Vine Stalker Enchanter on Oct 24, 2018.
             Killed by nerve-wracking pain
             ... invoked by Jessica
              (7 damage)
             ... on level 2 of the Dungeon.
             The game lasted 00:01:48 (1966 turns).

slowcore the Sneak (Vine Stalker Enchanter)         Turns: 1966, Time: 00:01:49

Health: 0/16       AC:  3    Str: 10    XL:     3   Next: 52%
Magic:  0/7        EV: 14    Int: 15    God:
Gold:   56         SH:  0    Dex: 15    Spells: 5/6 levels left

rFire    . . .     SeeInvis +   a - +1 dagger
rCold    . . .     Gourm    .   (no shield)
rNeg     . . .     Faith    .   b - +0 robe
rPois    .         Spirit   +   (no helmet)
rElec    .         Reflect  .   (no cloak)
rCorr    .         Harm     .   (no gloves)
MR       .....                  j - +0 pair of boots
Stlth    +++.......             (no amulet)
HPRegen  0.05/turn              g - ring of see invisible
MPRegen  0.10/turn              i - +2 ring of evasion

@: no status effects
A: fangs 2, magic shield, antimagic bite, no potion heal 3, rot immunity
a: no special abilities


You were on level 2 of the Dungeon.
You were not hungry.

You visited 1 branch of the dungeon, and saw 2 of its levels.

You collected 56 gold pieces.

Inventory:

Hand Weapons
 a - a +1 dagger (weapon)
Armour
 b - a +0 robe (worn)
 j - a +0 pair of boots (worn)
Jewellery
 g - a ring of see invisible (left hand)
 i - a +2 ring of evasion (right hand)
Scrolls
 c - a scroll of identify {unknown}
 e - a scroll of enchant weapon {unknown}
 l - a scroll of fear {unknown}
 n - a scroll of magic mapping {unknown}
 p - a scroll of noise {unknown}
 q - a scroll of remove curse {unknown}
Potions
 f - 2 potions of ambrosia {unknown}
 h - 2 potions of brilliance {unknown}
 k - a potion of resistance {unknown}
 o - a potion of agility {unknown}
Comestibles
 d - 4 rations
 m - a chunk of flesh


   Skills:
 + Level 1.8 Short Blades
 - Level 1.5 Dodging
 + Level 4.3 Stealth
 - Level 2.1 Spellcasting
 + Level 3.5 Hexes


You had 5 spell levels left.
You knew the following spells:

 Your Spells              Type           Power        Failure   Level  Hunger
a - Corona                Hex            ##.....      4%          1    #......

Your spell library contained the following spells:

 Spells                   Type           Power        Failure   Level  Hunger
 Ensorcelled Hibernation  Hex/Ice        #.....       16%         2    ###....
 Confuse                  Hex            ##......     16%         3    ###....
 Tukima's Dance           Hex            ##......     16%         3    ###....
 Dazzling Spray           Conj/Hex       #.....       32%         3    ###....


Dungeon Overview and Level Annotations

Branches:
Dungeon (2/15)

Altars:
Hepliaklqana

Annotations:
D:2 Jessica


Innate Abilities, Weirdness & Mutations

You have extremely sharp teeth.
When hurt, damage is shared between your health and your magic reserves.
Your bite disrupts and absorbs the magic of your enemies.
Potions cannot restore your health.
You are immune to rotting.


Message History

Jessica is moderately wounded.
Jessica completely misses you.
You hit Jessica but do no damage.
Jessica is moderately wounded.
Jessica hits you with a club.
You barely miss Jessica. Your bite misses Jessica.
Jessica is moderately wounded.
Jessica closely misses you. Jessica completely misses you.
You barely miss Jessica. Your bite misses Jessica.
Jessica is moderately wounded.
Jessica hits you with a club!
You hit Jessica but do no damage.
Jessica is moderately wounded.
Jessica closely misses you.
Jessica points at you and mumbles some strange words.
You barely resist.
There is a stone staircase leading down here.
Jessica casts a spell at you. Pain shoots through your body!
You die...

#.####.# #.# #.#
#.# #.# #.# #.# #.#
#.# #.# #.# . #.#
#.#
....############.#
#.#
......@.>@.....#.##
#.####
....##########.#†.#
#....# . #.##.#
####.# #.##.# #.#
#.##.### #.#
#[[....# #.#
######## #.# #.#
#.#


You could see Jessica.

Vanquished Creatures
  2 oozes (D:1)
  A worm (D:2)
  A leopard gecko (D:1)
  5 bats
  A giant cockroach (D:2)
  5 goblins
  2 hobgoblins (D:1)
  2 jackals (D:2)
  A kobold (D:2)
  A frilled lizard (D:1)
  6 rats (D:1)
27 creatures vanquished.

Notes
Turn   | Place    | Note
-------+----------+-------------------------------------------
     0 | D:1      | slowcore the Vine Stalker Enchanter began the quest for the
                  | Orb.
     0 | D:1      | Reached XP level 1. HP: 9/9 MP: 4/4
    29 | D:1      | Reached skill level 1 in Short Blades
   301 | D:1      | Reached XP level 2. HP: 13/13 MP: 6/6
   500 | D:1      | Reached skill level 4 in Stealth
  1131 | D:2      | Found a hazy altar of Hepliaklqana.
  1340 | D:1      | Reached XP level 3. HP: 9/16 MP: 4/7
  1945 | D:2      | Noticed Jessica
  1966 | D:2      | Killed from afar by Jessica

Skill      XL: |  1  2 |
---------------+-------+-----
Short Blades   | 1 |  1.8
Stealth        | 4 |  4.3
Dodging        | |  1.5
Spellcasting   | |  2.1
Hexes          | |  3.5

Action                   || total
-------------------------++-------
Melee: Dagger            ||    87
       Bite              ||    23
 Stab: Sleeping          ||     6
  Eat: Chunk             ||     3
Armor: Robe              ||    14
Dodge: Dodged            ||    44
